 Dungeon Crawl Stone Soup version 0.23.2-1-ga50397a (webtiles) character file.

Game seed: 2643410660207788437

339 doot the Sneak (level 6, -3/33 HPs)
             Began as a Deep Elf Enchanter on May 12, 2019.
             Killed by divine providence
             ... invoked by an orc priest
              (9 damage)
             ... on level 4 of the Dungeon on May 13, 2019.
             The game lasted 00:11:49 (3356 turns).

doot the Sneak (Deep Elf Enchanter)                 Turns: 3356, Time: 00:11:50

Health: -3/33      AC:  2    Str:  8    XL:     6   Next: 29%
Magic:  7/14       EV: 13    Int: 20    God:
Gold:   102        SH:  0    Dex: 17    Spells: 2/14 levels left

rFire    . . .     SeeInvis .   h - +3 short sword
rCold    . . .     Gourm    .   (no shield)
rNeg     . . .     Faith    .   b - +0 robe
rPois    .         Spirit   .   (no helmet)
rElec    .         Reflect  .   (no cloak)
rCorr    .         Harm     .   (no gloves)
MR       .....                  (no boots)
Stlth    +++.......             (no amulet)
HPRegen  0.11/turn              l - +3 ring of strength
MPRegen  0.14/turn              (no ring)

@: no status effects
A: no striking features
a: no special abilities


You were on level 4 of the Dungeon.
You were hungry.

You visited 1 branch of the dungeon, and saw 4 of its levels.

You collected 102 gold pieces.

Inventory:

Hand Weapons
 a - a +1 dagger
 h - a +3 short sword (weapon)
Missiles
 e - 20 poisoned needles
Armour
 b - a +0 robe (worn)
Jewellery
 l - a +3 ring of strength (left hand)
Scrolls
 c - a scroll of remove curse {unknown}
 g - a scroll of teleportation {unknown}
 i - 3 scrolls of identify {unknown}
 j - a scroll of fear {unknown}
 k - a scroll of fog {unknown}
 n - a scroll of enchant armour {unknown}
Potions
 f - a potion of flight {unknown}
 m - a potion of heal wounds {unknown}
Comestibles
 d - 5 rations


   Skills:
 + Level 0.7 Fighting
 + Level 1.6 Short Blades
 + Level 2.8 Dodging
 + Level 5.9 Stealth
 + Level 4.5 Spellcasting
 + Level 5.9 Hexes
 + Level 2.1 Ice Magic


You had 2 spell levels left.
You knew the following spells:

 Your Spells              Type           Power        Failure   Level  Hunger
a - Corona                Hex            ####...      1%          1    None
b - Ensorcelled Hibernat  Hex/Ice        ###...       3%          2    #......
c - Confuse               Hex            ####....     3%          3    ##.....
d - Tukima's Dance        Hex            ####....     3%          3    ##.....
e - Dazzling Spray        Conj/Hex       ###...       11%         3    ##.....

Your spell library contained the following spells:

 Spells                   Type           Power        Failure   Level  Hunger


Dungeon Overview and Level Annotations

Branches:
Dungeon (4/15)
 Temple: D:4-7

Altars:

Shops:
D:4 :

Annotations:
D:4 Purgy


Message History

Purgy closely misses you. Purgy barely misses you.
Casting: Ensorcelled Hibernation (safe; 3% risk of failure)
Confirm with . or Enter, or press ? or * to list all spells.
Aiming: Ensorcelled Hibernation (safe; 3% risk of failure)
Press: ? - help, Shift-Dir - straight line, f/p - Purgy
Aim: Purgy (chance to defeat MR: 59%) Purgy looks drowsy...
The orc priest calls upon Beogh to heal the orc priest.
The orc priest's wounds heal themselves!
The helpless Purgy fails to defend himself.
You puncture Purgy!
Purgy is heavily wounded.
Purgy barely misses you. Purgy claws you. x2
The orc priest miscasts a cantrip.
The orc priest invokes the aid of Beogh against you.
Beogh smites you!
* * * LOW HITPOINT WARNING * * *
The orc priest calls down the wrath of Beogh upon you.
Beogh smites you!
You die...

#................#+#.#
#.####.#######!....... #.#
#.# #..#......... #.# #.#
#..#......... ####+##'####.#
#..#......... #............#
#..#o........ #............#
#..o......... #............#
#.T##........
####..#......###@.##........
#..#...........# ....
#..#....#.####.# ...
#......#.##.# #.##### ##
#.#..#.#.##.# #.#...
#....#......# #.#.####..
####.##.#<#######.........
#.......#.#####.........#.
#.#.....#.....'...........


You could see Purgy and 2 orc priests.

Vanquished Creatures
  4 orc priests
  Jessica (D:2)
  An orc wizard (D:4)
  3 adders
  2 worms
  2 dart slugs
  3 leopard geckos
  15 orcs (D:3)
  11 giant cockroaches
  5 goblins
  6 hobgoblins
  3 jackals
  6 bats
  2 frilled lizards
  6 kobolds
  8 rats
78 creatures vanquished.

Vanquished Creatures (collateral kills)
  An ogre (D:2)
1 creature vanquished.

Grand Total: 79 creatures vanquished

Notes
Turn   | Place    | Note
-------+----------+-------------------------------------------
     0 | D:1      | doot the Deep Elf Enchanter began the quest for the Orb.
     0 | D:1      | Reached XP level 1. HP: 10/10 MP: 6/6
   232 | D:1      | Reached XP level 2. HP: 11/15 MP: 6/8
   240 | D:1      | Learned a level 2 spell: Ensorcelled Hibernation
   862 | D:1      | Reached XP level 3. HP: 20/20 MP: 9/9
  1015 | D:1      | Learned a level 3 spell: Confuse
  1060 | D:2      | Noticed Jessica
  1066 | D:2      | Noticed an ogre
  1073 | D:2      | Killed Jessica
  1073 | D:2      | Reached skill level 5 in Hexes
  1073 | D:2      | Reached XP level 4. HP: 21/24 MP: 1/11
  1204 | D:2      | Learned a level 3 spell: Tukima's Dance
  1480 | D:3      | Reached skill level 5 in Stealth
  1480 | D:3      | Reached skill level 1 in Ice Magic
  1999 | D:2      | Killed an ogre
  1999 | D:2      | Reached XP level 5. HP: 28/28 MP: 5/13
  2911 | D:4      | Learned a level 3 spell: Dazzling Spray
  2976 | D:4      | Found Adom's Book Shoppe.
  3020 | D:4      | Reached XP level 6. HP: 33/33 MP: 11/14
  3092 | D:4      | Noticed Purgy
  3356 | D:4      | Killed from afar by an orc priest

Skill      XL: |  1  2  3  4  5 |
---------------+----------------+-----
Stealth        | 4 5 |  5.9
Hexes          | 5 |  5.9
Ice Magic      | 1 2 |  2.1
Spellcasting   | 4 |  4.5
Fighting       | |  0.7
Short Blades   | |  1.6
Dodging        | |  2.8

Action                   |  1- 3 |  4- 6 || total
-------------------------+-------+-------++-------
Melee: Dagger            |    74 |    21 ||    95
       Short sword       |       |    41 ||    41
 Cast: Corona            |     7 |       ||     7
       Ensorcelled Hiber |    14 |    74 ||    88
       Confuse           |       |     1 ||     1
       Tukima's Dance    |       |     1 ||     1
  Use: Scroll            |       |     1 ||     1
 Stab: Sleeping          |    23 |    44 ||    67
  Eat: Chunk             |     1 |     8 ||     9
Armor: Robe              |    15 |    17 ||    32
Dodge: Dodged            |    49 |    79 ||   128
